TOP OF THE 1ST |
Maui Tropics batting - Pitching for Fresno Deplorables : RHP Manuel Fuentes
|
Pitching: RHP Manuel Fuentes
|
|
Batting: RHB Matt Silver
|
0-0: Ball 1-0: Ball 2-0: Swinging Strike 2-1: Bunt missed! 2-2: Ground out 5-3 (Groundball, 56)
|
Batting: LHB Luis Antonio Torres
|
0-0: Ball 1-0: Ground out 6-3 (Groundball, 56)
|
Batting: RHB Jesús Espinoza
|
0-0: Foul Ball, location: 2F 0-1: Ball 1-1: Called Strike 1-2: Ball 2-2: Ground out 6-3 (Groundball, 56)
|
Top of the 1st over - 0 run(s), 0 hit(s), 0 error(s), 0 left on base; Maui 0 - Fresno 0 |
BOTTOM OF THE 1ST |
Fresno Deplorables batting - Pitching for Maui Tropics : LHP Jerry Martin
|
Pitching: LHP Jerry Martin
|
|
Batting: RHB Dani Vázquez
|
0-0: Called Strike 0-1: Foul Ball, location: 2F 0-2: Reached on error, E4 (Groundball, 4)
|
Batting: RHB Manolo Román
|
0-0: Ball 1-0: Foul Ball, location: 2F 1-1: Foul Ball, location: 2F 1-2: 2-RUN HOME RUN (Flyball, 7LD), Distance : 340 ft
|
Batting: LHB Jeff Daniels
|
0-0: Ball 1-0: Called Strike 1-1: Fly out, F8 (Flyball, 8RS)
|
Batting: LHB Troy Donaldson
|
0-0: Ball 1-0: Swinging Strike 1-1: SOLO HOME RUN (Flyball, 7LD), Distance : 322 ft
|
Batting: RHB Paco Arellano
|
0-0: Called Strike 0-1: Fly out, F9 (Flyball, 9S)
|
Batting: LHB Paul Mullins
|
0-0: Ball 1-0: Ball 2-0: Ball 3-0: Base on Balls
|
Batting: RHB Aaron Scott
|
0-0: Ball 1-0: Swinging Strike 1-1: Ball 2-1: Called Strike 2-2: Foul Ball, location: 2F 2-2: Ball 3-2: SINGLE (Flyball, 8LS) Paul Mullins to second Paul Mullins to third
|
Batting: LHB Clinton Clark
|
0-0: Ball 1-0: Ball 2-0: Ball 3-0: Base on Balls Aaron Scott to second
|
Batting: RHB Germán Rosales
|
0-0: Ball 1-0: Swinging Strike 1-1: Foul Ball, location: 2F 1-2: Fly out, F6 (Flyball, 56D)
|
Bottom of the 1st over - 3 run(s), 3 hit(s), 1 error(s), 3 left on base; Maui 0 - Fresno 3 |
TOP OF THE 2ND |
Maui Tropics batting - Pitching for Fresno Deplorables : RHP Manuel Fuentes
|
Batting: RHB Luis Alou
|
0-0: Called Strike 0-1: Swinging Strike 0-2: Ball 1-2: Ball 2-2: Fly out, F4 (Line Drive, 4M)
|
Batting: LHB José Rivas
|
0-0: Fly out, F6 (Line Drive, 6M)
|
Batting: RHB Ximena Campos
|
0-0: Ball 1-0: Ball 2-0: Ground out 5-3 (Groundball, 56S)
|
Top of the 2nd over - 0 run(s), 0 hit(s), 0 error(s), 0 left on base; Maui 0 - Fresno 3 |
BOTTOM OF THE 2ND |
Fresno Deplorables batting - Pitching for Maui Tropics : LHP Jerry Martin
|
Batting: RHB Dani Vázquez
|
0-0: Ball 1-0: Ball 2-0: Ball 3-0: Called Strike 3-1: Base on Balls
|
Batting: RHB Manolo Román
|
0-0: Called Strike 0-1: Swinging Strike 0-2: SINGLE (Groundball, 56D) Dani Vázquez to second
|
Batting: LHB Jeff Daniels
|
0-0: Ball 1-0: Foul Ball, location: 2F 1-1: Called Strike 1-2: Grounds into double play, 6-4-3 (Groundball, 6) Dani Vázquez to third
|
Batting: LHB Troy Donaldson
|
0-0: Ball 1-0: Swinging Strike 1-1: Swinging Strike 1-2: Ball 2-2: Foul Ball, location: 2F 2-2: Ground out 3-1 (Groundball, 34S)
|
Bottom of the 2nd over - 0 run(s), 1 hit(s), 0 error(s), 1 left on base; Maui 0 - Fresno 3 |
TOP OF THE 3RD |
Maui Tropics batting - Pitching for Fresno Deplorables : RHP Manuel Fuentes
|
Batting: RHB José Rodríguez
|
0-0: Ball 1-0: Ball 2-0: Ground out 1-3 (Groundball, 13)
|
Batting: LHB Anacleto Morillo
|
0-0: Called Strike 0-1: Ball 1-1: Foul Ball, location: 2F 1-2: Strikes out swinging
|
Batting: RHB John Brown
|
0-0: Ball 1-0: Ball 2-0: Called Strike 2-1: Called Strike 2-2: Strikes out swinging
|
Top of the 3rd over - 0 run(s), 0 hit(s), 0 error(s), 0 left on base; Maui 0 - Fresno 3 |
BOTTOM OF THE 3RD |
Fresno Deplorables batting - Pitching for Maui Tropics : LHP Jerry Martin
|
Batting: RHB Paco Arellano
|
0-0: Foul Ball, location: 2F 0-1: Swinging Strike 0-2: Ground out 5-3 (Groundball, 5)
|
Batting: LHB Paul Mullins
|
0-0: Swinging Strike 0-1: Foul Ball, location: 2F 0-2: Ball 1-2: Strikes out looking
|
Batting: RHB Aaron Scott
|
0-0: Ball 1-0: Called Strike 1-1: Ball 2-1: SINGLE (Groundball, 6MD)
|
Batting: LHB Clinton Clark
|
0-0: Called Strike 0-1: SINGLE (Line Drive, 6D) Aaron Scott to second
|
Batting: RHB Germán Rosales
|
0-0: Called Strike 0-1: Ball 1-1: Called Strike 1-2: Ball 2-2: Foul Ball, location: 2F 2-2: Ball 3-2: Base on Balls Aaron Scott to third Clinton Clark to second
|
Batting: RHB Dani Vázquez
|
0-0: Ball 1-0: Ball 2-0: Fielders Choice at 2nd, 6-4 (Groundball, 6)
|
Bottom of the 3rd over - 0 run(s), 2 hit(s), 0 error(s), 2 left on base; Maui 0 - Fresno 3 |
TOP OF THE 4TH |
Maui Tropics batting - Pitching for Fresno Deplorables : RHP Manuel Fuentes
|
Batting: RHB Matt Silver
|
0-0: SOLO HOME RUN (Flyball, 78XD), Distance : 373 ft
|
Batting: LHB Luis Antonio Torres
|
0-0: Ball 1-0: Ball 2-0: Ground out 1-3 (Groundball, 13)
|
Batting: RHB Jesús Espinoza
|
0-0: Foul Ball, location: 2F 0-1: Ball 1-1: Fly out, F9 (Flyball, 9LS)
|
Batting: RHB Luis Alou
|
0-0: Called Strike 0-1: Swinging Strike 0-2: Strikes out looking
|
Top of the 4th over - 1 run(s), 1 hit(s), 0 error(s), 0 left on base; Maui 1 - Fresno 3 |
BOTTOM OF THE 4TH |
Fresno Deplorables batting - Pitching for Maui Tropics : LHP Jerry Martin
|
Batting: RHB Manolo Román
|
0-0: SINGLE (Flyball, 7S)
|
Batting: LHB Jeff Daniels
|
0-0: Fly out, F4 (Popup, 4MD)
|
Batting: LHB Troy Donaldson
|
0-0: Ball 1-0: Fly out, F6 (Popup, 6)
|
Batting: RHB Paco Arellano
|
0-0: Called Strike 0-1: Ball 1-1: Ball 2-1: Ball 3-1: Base on Balls Manolo Román to second
|
Batting: LHB Paul Mullins
|
0-0: Foul Ball, location: 2F 0-1: Called Strike 0-2: Ball 1-2: DOUBLE (Flyball, 7LM) Manolo Román scores Paco Arellano to third
|
Batting: RHB Aaron Scott
|
0-0: Called Strike 0-1: Called Strike 0-2: Ball 1-2: Ball 2-2: Foul Ball, location: 2F 2-2: Foul Ball, location: 2F 2-2: Ball 3-2: DOUBLE (Flyball, 89XD) Paco Arellano scores Paul Mullins scores
|
Batting: LHB Clinton Clark
|
0-0: Foul Ball, location: 2F 0-1: Ball 1-1: Fly out, F8 (Flyball, 8RM)
|
Bottom of the 4th over - 3 run(s), 3 hit(s), 0 error(s), 1 left on base; Maui 1 - Fresno 6 |
TOP OF THE 5TH |
Maui Tropics batting - Pitching for Fresno Deplorables : RHP Manuel Fuentes
|
Batting: LHB José Rivas
|
0-0: Ground out U3 (Groundball, 3L)
|
Batting: RHB Ximena Campos
|
0-0: SINGLE (Line Drive, 9S)
|
Batting: RHB José Rodríguez
|
0-0: Ball 1-0: SINGLE (Groundball, 13) (infield hit) Ximena Campos to second
|
Batting: LHB Anacleto Morillo
|
0-0: Called Strike 0-1: Ball 1-1: Called Strike 1-2: Ball 2-2: Foul Ball, location: 2F 2-2: Ball 3-2: Base on Balls Ximena Campos to third José Rodríguez to second
|
Batting: RHB John Brown
|
0-0: Fly out, F9 (Flyball, 9D) Runner from 3rd tags up, SCORES, no throw
|
Batting: RHB Matt Silver
|
0-0: Ground out 6-3 (Groundball, 6S)
|
Top of the 5th over - 1 run(s), 2 hit(s), 0 error(s), 2 left on base; Maui 2 - Fresno 6 |
BOTTOM OF THE 5TH |
Fresno Deplorables batting - Pitching for Maui Tropics : LHP Jerry Martin
|
Pitching: RHP Brandon Mitchell
|
|
Batting: RHB Germán Rosales
|
0-0: Ball 1-0: Fly out, F9 (Flyball, 9S)
|
Batting: RHB Dani Vázquez
|
0-0: Ball 1-0: Ball 2-0: Foul Ball, location: 2F 2-1: Ball 3-1: Base on Balls
|
Batting: RHB Manolo Román
|
0-0: Ground out 5-3 (Groundball, 56S) Dani Vázquez to second
|
Batting: LHB Jeff Daniels
|
0-0: Reached on error, E3 (Groundball, 34S) Dani Vázquez to third
|
Batting: LHB Troy Donaldson
|
0-0: Ball 1-0: Ball 2-0: Ball 3-0: Base on Balls Jeff Daniels to second
|
Batting: RHB Paco Arellano
|
0-0: Called Strike 0-1: Ball 1-1: Foul Ball, location: 2F 1-2: Strikes out swinging
|
Bottom of the 5th over - 0 run(s), 0 hit(s), 1 error(s), 3 left on base; Maui 2 - Fresno 6 |
TOP OF THE 6TH |
Maui Tropics batting - Pitching for Fresno Deplorables : RHP Manuel Fuentes
|
Batting: LHB Luis Antonio Torres
|
0-0: Ball 1-0: Ball 2-0: Foul Ball, location: 2F 2-1: SINGLE (Groundball, 6D)
|
Batting: RHB Jesús Espinoza
|
0-0: Called Strike 0-1: Ball 1-1: Ball 2-1: Ball 3-1: Base on Balls Luis Antonio Torres to second
|
Batting: RHB Luis Alou
|
0-0: Called Strike 0-1: Swinging Strike 0-2: Ball 1-2: Strikes out swinging
|
Batting: LHB José Rivas
|
0-0: Ball 1-0: Ball 2-0: Ball 3-0: Base on Balls Luis Antonio Torres to third Jesús Espinoza to second
|
Batting: RHB Ximena Campos
|
0-0: Called Strike 0-1: Ball 1-1: Called Strike 1-2: Fly out, F8 (Flyball, 8LXD) Runner from 3rd tags up, SCORES, no throw
|
Batting: RHB José Rodríguez
|
0-0: Foul Ball, location: 2F 0-1: Foul Ball, location: 2F 0-2: Ball 1-2: Strikes out swinging
|
Top of the 6th over - 1 run(s), 1 hit(s), 0 error(s), 2 left on base; Maui 3 - Fresno 6 |
BOTTOM OF THE 6TH |
Fresno Deplorables batting - Pitching for Maui Tropics : RHP Brandon Mitchell
|
Batting: LHB Paul Mullins
|
0-0: Ball 1-0: Ball 2-0: Swinging Strike 2-1: Swinging Strike 2-2: Strikes out swinging
|
Batting: RHB Aaron Scott
|
0-0: Ball 1-0: SINGLE (Flyball, 78S)
|
Batting: LHB Clinton Clark
|
0-0: Called Strike 0-1: Ball 1-1: 2-RUN HOME RUN (Flyball, 89XD), Distance : 371 ft
|
Pitching: RHP John Burris
|
|
Batting: RHB Germán Rosales
|
0-0: Swinging Strike 0-1: Ball 1-1: Swinging Strike 1-2: Ground out 5-3 (Groundball, 56)
|
Batting: RHB Dani Vázquez
|
0-0: Ball 1-0: Called Strike 1-1: Ball 2-1: Ball 3-1: Foul Ball, location: 2F 3-2: Base on Balls
|
Batting: RHB Manolo Román
|
0-0: Ball 1-0: Ball 2-0: Ball 3-0: Fielders Choice at 2nd, 5-4 (Groundball, 56)
|
Bottom of the 6th over - 2 run(s), 2 hit(s), 0 error(s), 0 left on base; Maui 3 - Fresno 8 |
TOP OF THE 7TH |
Maui Tropics batting - Pitching for Fresno Deplorables : RHP Manuel Fuentes
|
Batting: LHB Anacleto Morillo
|
0-0: Called Strike 0-1: Ball 1-1: Ball 2-1: Foul Ball, location: 2F 2-2: Strikes out swinging
|
Batting: RHB John Brown
|
0-0: Ball 1-0: Foul Ball, location: 2F 1-1: Foul Ball, location: 2F 1-2: Strikes out looking
|
Batting: RHB Matt Silver
|
0-0: Foul Ball, location: 2F 0-1: Foul Ball, location: 2F 0-2: Ball 1-2: Foul Ball, location: 2F 1-2: Ball 2-2: Fly out, F7 (Flyball, 7D)
|
Top of the 7th over - 0 run(s), 0 hit(s), 0 error(s), 0 left on base; Maui 3 - Fresno 8 |
BOTTOM OF THE 7TH |
Fresno Deplorables batting - Pitching for Maui Tropics : RHP John Burris
|
Batting: LHB Jeff Daniels
|
0-0: Ball 1-0: Ball 2-0: Ball 3-0: Called Strike 3-1: Base on Balls
|
Batting: LHB Troy Donaldson
|
0-0: Called Strike 0-1: Grounds into double play, 6-4-3 (Groundball, 6)
|
Batting: RHB Paco Arellano
|
0-0: Called Strike 0-1: Ball 1-1: Ball 2-1: Foul Ball, location: 2F 2-2: Ball 3-2: Base on Balls
|
Pitching: LHP Mark Stewart
|
|
Batting: LHB Paul Mullins
|
0-0: Ball 1-0: Ball 2-0: Ball 3-0: Base on Balls Paco Arellano to second
|
Batting: RHB Aaron Scott
|
0-0: Foul Ball, location: 2F 0-1: Ball 1-1: Swinging Strike 1-2: Hit by Pitch Paco Arellano to third Paul Mullins to second
|
Batting: LHB Clinton Clark
|
0-0: Fly out, F8 (Flyball, 8LXD)
|
Bottom of the 7th over - 0 run(s), 0 hit(s), 0 error(s), 3 left on base; Maui 3 - Fresno 8 |
TOP OF THE 8TH |
Maui Tropics batting - Pitching for Fresno Deplorables : RHP Manuel Fuentes
|
Pitching: LHP Rubén Martínez
|
|
Batting: LHB Luis Antonio Torres
|
0-0: Ball 1-0: Swinging Strike 1-1: Ball 2-1: Swinging Strike 2-2: Strikes out looking
|
Batting: RHB Jesús Espinoza
|
0-0: Ball 1-0: Ball 2-0: Called Strike 2-1: Ball 3-1: Foul Ball, location: 2F 3-2: Foul Ball, location: 2F 3-2: Strikes out swinging
|
Batting: RHB Luis Alou
|
0-0: Ball 1-0: Swinging Strike 1-1: Ball 2-1: DOUBLE (Line Drive, 7LM)
|
Batting: LHB José Rivas
|
0-0: Called Strike 0-1: Foul Ball, location: 2F 0-2: Ball 1-2: Ball 2-2: Ball 3-2: Foul Ball, location: 2F 3-2: Strikes out looking
|
Top of the 8th over - 0 run(s), 1 hit(s), 0 error(s), 1 left on base; Maui 3 - Fresno 8 |
BOTTOM OF THE 8TH |
Fresno Deplorables batting - Pitching for Maui Tropics : LHP Mark Stewart
|
Batting: RHB Germán Rosales
|
0-0: Ground out 4-3 (Groundball, 4)
|
Batting: RHB Dani Vázquez
|
0-0: Ball 1-0: Fly out, F9 (Line Drive, 9)
|
Batting: RHB Manolo Román
|
0-0: Foul Ball, location: 2F 0-1: Swinging Strike 0-2: Ball 1-2: SINGLE (Popup, 3D)
|
Batting: LHB Jeff Daniels
|
0-0: Called Strike 0-1: Ball 1-1: Ball 2-1: Foul Ball, location: 2F 2-2: SINGLE (Groundball, 34D) Manolo Román to second Runner from 2nd tries for 3rd, SAFE, throw made to third
|
Batting: LHB Troy Donaldson
|
0-0: Fly out, F9 (Line Drive, 9)
|
Bottom of the 8th over - 0 run(s), 2 hit(s), 0 error(s), 2 left on base; Maui 3 - Fresno 8 |
TOP OF THE 9TH |
Maui Tropics batting - Pitching for Fresno Deplorables : LHP Rubén Martínez
|
Now at C: Teddy Bates
|
|
Batting: RHB Ximena Campos
|
0-0: Ball 1-0: Foul Ball, location: 2F 1-1: Foul Ball, location: 2F 1-2: Foul Ball, location: 2F 1-2: Strikes out swinging
|
Batting: RHB José Rodríguez
|
0-0: Ball 1-0: Ball 2-0: Ball 3-0: Called Strike 3-1: Called Strike 3-2: Strikes out swinging
|
Batting: LHB Anacleto Morillo
|
0-0: Foul Ball, location: 2F 0-1: Foul Ball, location: 2F 0-2: Strikes out swinging, 2-3 out at first.
|
Top of the 9th over - 0 run(s), 0 hit(s), 0 error(s), 0 left on base; Maui 3 - Fresno 8 |
|